 Dungeon Crawl Stone Soup version 0.19-a0-994-g3c636f0 (webtiles) character file.

25 4thArraOfDagon the Ruffian (level 2, -3/24 HPs)
             Began as a Troll Air Elementalist on July 15, 2016.
             Slain by an ogre
             ... wielding a cursed -1 giant club
              (18 damage)
             ... on level 4 of the Dungeon.
             The game lasted 00:01:56 (354 turns).

4thArraOfDagon the Ruffian (Troll Air Elementalist)  Turns: 354, Time: 00:01:57

Health: -3/24      AC:  5    Str: 15    XL:     2   Next: 82%
Magic:  2/2        EV: 10    Int: 11    God:
Gold:   38         SH:  0    Dex: 10    Spells: 2 memorised, 0 levels left

rFire  . . .     SeeInvis .       - Unarmed
rCold  . . .     Gourm    +     a - +0 robe
rNeg   . . .     Faith    .     (no shield)
rPois  .         Spirit   .     (helmet restricted)
rElec  .         Dismiss  .     (no cloak)
rCorr  .         Reflect  .     (gloves unavailable)
SustAt .         Harm     .     (boots unavailable)
MR     .....                    (no amulet)
Stlth  +.........               (no ring)
                                (no ring)

@: repel missiles, not resistant to hostile enchantments, very unstealthy
A: unfitting armour, claws 3, fast metabolism 3, gourmand, regeneration 2,
shaggy fur 1, tough skin 2
a: no special abilities


You were on level 4 of the Dungeon.
You were completely stuffed.

You visited 1 branch of the dungeon, and saw 5 of its levels.

You collected 38 gold pieces.

Inventory:

Armour
 a - a +0 robe (worn)
Scrolls
 e - a scroll of teleportation {unknown}
Potions
 d - 3 potions of curing {unknown}
Books
 b - a book of Air

   Spells                             Type                      Level
   a - Shock                          Conjuration/Air              1
   b - Swiftness                      Charms/Air                   2
   c - Repel Missiles                 Charms/Air                   2
   d - Static Discharge               Conjuration/Air              3
   e - Lightning Bolt                 Conjuration/Air              5
Comestibles
 c - 3 bread rations
 f - a meat ration


   Skills:
 - Level 1.5 Dodging
 - Level 1.1 Stealth
 * Level 2.5 Unarmed Combat
 - Level 1.2 Spellcasting
 - Level 0.6 Conjurations
 - Level 2.0 Air Magic


You couldn't memorise any spells.
You knew the following spells:

 Your Spells              Type           Power        Failure   Level  Hunger
a - Shock                 Conj/Air       #...         21%         1    ##.....
b - Repel Missiles        Chrm/Air       #.....       34%         2    ###....


Dungeon Overview and Level Annotations

Branches:
Dungeon (5/15)
 Temple: D:4-7

Altars:

Annotations:
D:4 MordorOrchid's ghost, amateur MiMo


Innate Abilities, Weirdness & Mutations

You are too large for most types of armour.
You have claws for hands.
Your metabolism is lightning-fast.
You like to eat raw meat.
You heal very quickly.
You are covered in fur. (AC +1)
You have very tough skin. (AC +2)


Message History

Level annotation: MordorOrchid's ghost, amateur MiMo The ogre shouts!
The ogre closely misses you.
Found a stone staircase leading up.
There is a stone staircase leading down here.
Unknown command.
You claw the ogre!
The ogre is moderately wounded.
The ogre barely misses you.
You scratch the ogre.
The ogre is moderately wounded.
The ogre barely misses you.
You barely miss the ogre.
The ogre is moderately wounded.
The ogre hits you with a giant club!
You barely miss the ogre.
The ogre is moderately wounded.
The ogre hits you with a giant club!!
Ouch! That really hurt!
You die...

#..<. ## ......
.. #..... ###.
...... ...
......##..#
........###
#.......###
...##..O.......
.......@.......
...#.#.........
. ..........###
###.##.##.## #.
#.# .# # ... #
#.# #.#


You could see an ogre.

Vanquished Creatures
  An adder (D:3)
  A dart slug (D:3)
  A giant gecko (D:4)
  An orc (D:3)
  A goblin (D:3)
  3 hobgoblins
  A kobold (D:2)
  3 rats (D:3)
12 creatures vanquished.

Notes
Turn   | Place    | Note
-------+----------+-------------------------------------------
     0 | D:1      | 4thArraOfDagon the Troll Air Elementalist began the quest for the Orb.
     0 | D:1      | Reached XP level 1. HP: 16/16 MP: 1/1
    89 | D:3      | Reached skill level 1 in Unarmed Combat
   186 | D:3      | Reached XP level 2. HP: 19/24 MP: 2/2
   209 | D:3      | Learned a level 2 spell: Repel Missiles
   287 | D:4      | Noticed MordorOrchid's ghost (amateur MiMo)
   329 | D:5      | Entered Level 5 of the Dungeon
   349 | D:4      | Noticed an ogre
   354 | D:4      | Slain by an ogre

Vault maps used:
D:1:      minmay_arrival_glassed_features
D:3:      gammafunk_temple_overflow_forgotten, ecumenical_altar_1,
          okawaru_metal_pillars_3
D:4:      uniq_menkaure
D:5:      elyvilon_altar_5, first_bread, st_stairs_13, mrwooster_statue_mirror,
          uniq_pikel, uniq_edmund

Skill      XL: |  1 |
---------------+----+-----
Unarmed Combat | 2 |  2.5
Dodging        | |  1.5
Stealth        | |  1.1
Spellcasting   | |  1.2
Conjurations   | |  0.6
Air Magic      | |  2.0

Action                   || total
-------------------------++-------
Melee: Unarmed           ||    42
 Cast: Repel Missiles    ||     1
  Eat: Chunk             ||     7
       Pizza             ||     1
Armor: Robe              ||    12
Dodge: Dodged            ||    15
